 Dungeon Crawl Stone Soup version 0.29.1-15-g9cfb28693d (webtiles) character file.

Game seed: 7806331616559009098

6007 LLlMATKO the Fighter (level 10, -2/93 HPs)
             Began as a Minotaur Berserker on May 1, 2023.
             Was an Elder of Trog.
             Succumbed to barbed spike wounds
             ... on level 9 of the Dungeon.
             The game lasted 00:09:03 (11197 turns).

LLlMATKO the Fighter (Minotaur Berserker)          Turns: 11197, Time: 00:09:04

Health: -2/93      AC: 17    Str: 23    XL:     10   Next: 56%
Magic:  9/9        EV: 12    Int:  4    God:    Trog [****..]
Gold:   827        SH:  7    Dex: 13    Spells: 9/9 levels left

rFire   . . .      SeeInvis .   v - +0 whip (elec)
rCold   . . .      Faith    .   E - +0 kite shield
rNeg    . . .      Spirit   .   u - +0 plate armour
rPois   .          Reflect  .   (helmet restricted)
rElec   .          Harm     .   F - +0 cloak
rCorr   .          Rampage  .   (no gloves)
Will    .....                   G - +0 pair of boots
Stlth   ..........              (no amulet)
HPRegen 0.25/turn               p - +4 ring of evasion
MPRegen 0.11/turn               (no ring)

@: spiked, mesmerised
A: horns 2, retaliatory headbutt
a: Renounce Religion, Berserk, Trog's Hand, Brothers in Arms


You were on level 9 of the Dungeon.
You worshipped Trog.
Trog was greatly pleased with you.
You visited 1 branch of the dungeon, and saw 9 of its levels.

You collected 827 gold pieces.

Inventory:

Hand Weapons
 i - a +1 war axe
 v - a +0 whip of electrocution (weapon)
 D - a +7 spear
Missiles
 l - 2 boomerangs (quivered)
 y - 27 poisoned darts
 B - 2 throwing nets
Armour
 u - a +0 plate armour (worn)
 E - a +0 kite shield (worn)
 F - a +0 cloak (worn)
 G - a +0 pair of boots (worn)
Jewellery
 p - a +4 ring of evasion (left hand)
Wands
 b - a wand of iceblast (16)
 f - a wand of flame (20)
 k - a wand of polymorph (7)
Scrolls
 a - a scroll of enchant weapon
 d - 3 scrolls of teleportation
 m - 3 scrolls of immolation {unknown}
 n - a scroll of summoning {unknown}
 o - 2 scrolls of enchant armour {unknown}
 q - 3 scrolls of fog {unknown}
 s - 8 scrolls of identify {unknown}
 w - 2 scrolls of noise {unknown}
 A - a scroll of blinking {unknown}
 C - a scroll of fear {unknown}
 H - a scroll of magic mapping {unknown}
Potions
 c - 5 potions of degeneration {unknown}
 e - 2 potions of curing {unknown}
 g - a potion of flight {unknown}
 h - a potion of magic {unknown}
 j - 2 potions of haste {unknown}
 r - a potion of mutation {unknown}
 t - 3 potions of heal wounds
 x - a potion of brilliance {unknown}
 z - a potion of berserk rage {unknown}
 I - a potion of attraction {unknown}


   Skills:
 + Level 10.3 Fighting
 + Level 10.3 Axes
 + Level 9.9 Armour
 + Level 9.0 Dodging


You had 9 spell levels left.
You didn't know any spells.
Your spell library was empty.

Dungeon Overview and Level Annotations

Branches:
Dungeon (9/15)             Temple (0/1) D:7            Lair (0/5) D:8
    Orc (0/2) D:9

Altars:
Ashenzari
Fedhas
Okawaru
Ru
Trog
Uskayaw
Vehumet

Shops:
D:1 [   D:9 (

Annotations:
D:7 2 transporters
D:9 exclusion: obsidian statue


Innate Abilities, Weirdness & Mutations

You have a pair of horns on your head.
You reflexively headbutt those who attack you in melee.


Message History

You headbutt the hellwing!
You kill the hellwing!
The hellwing disappears in a puff of smoke!
The red devil hits you from afar with a +0 demon trident.
* * * LOW HITPOINT WARNING * * *
Barbed spikes become lodged in your body.
The barbs in your skin will harm you if you move.
Continue? [Y]es or [N]o only, please.
The barbs in your skin will harm you if you move.
Continue? [Y]es or [N]o only, please.
The barbs in your skin will harm you if you move.
Continue?
Okay, then.
You cannot move away from the obsidian statue!
The red devil hits you from afar with a +0 demon trident!
* * * LOW HITPOINT WARNING * * *
Barbed spikes become lodged in your body.
You are too mesmerised to rage.
The barbs in your skin will harm you if you move.
Continue? [Y]es or [N]o only, please.
The barbs in your skin will harm you if you move.
Continue? [Y]es or [N]o only, please.
The barbs in your skin will harm you if you move.
Continue?
Okay, then.
The barbs in your skin will harm you if you move.
Continue?
The barbed spikes dig painfully into your body as you move.
* * * LOW HITPOINT WARNING * * *
You block the red devil's attack.
You hit the red devil. You headbutt the red devil.
The red devil is moderately wounded.
The red devil barely misses you.
The obsidian statue's eyes glow briefly.
You hit the red devil. Your headbutt misses the red devil.
The red devil is moderately wounded.
The red devil barely misses you.
You closely miss the red devil. You headbutt the red devil.
The red devil is heavily wounded.
The red devil disappears in a puff of smoke!
The obsidian statue slips into the dungeon's darkness for a moment.
The barbed spikes dig painfully into your body as you move.
You die...

#.............###..#.......#
#.........#..###..#.......#
###.........##...#..#........
###....#....####..##..#.....###
#...>..#....#.##.##...#.)†.....
##............##.##...#.......#
##............###....#........
#.........####......#........
##........#8@.......#........
###<........####......#........
###..............###....#........
#....####.......# ##...#....##.#
.......#.......### #...#...##..#
.............#.[.##.##..#........
...............[.... #..#........
.................# .[#..#.##.....
##...............#...#..#.##....#


You could see an obsidian statue (mesmerising).

Vanquished Creatures
  A two-headed ogre (D:9)
  Pikel (D:6)
  A troll (D:8)
  Prince Ribbit (D:9)
  2 wyverns
  2 water moccasins (D:5)
  3 ice beasts
  2 sky beasts (D:6)
  2 orc warriors (D:9)
  3 ogres
  4 wolves (D:8)
  4 centaurs
  A phantom (D:6)
  2 kobold brigands (D:8)
  5 bullfrogs
  2 gnoll sergeants
  4 scorpions
  4 killer bees (D:7)
  An electric eel (D:8)
  9 hounds
  A jelly (D:8)
  5 gnoll boudas
  Ijyb (D:4)
  4 orc priests
  3 iguanas
  4 orc wizards
  Robin (D:2)
  35 gnolls
  8 adders
  A river rat (D:3)
  3 shadow imps
  5 white imps
  An ufetubus (D:7)
  4 dart slugs
  24 orcs
  5 bats
  8 endoplasms
  4 giant cockroaches
  11 hobgoblins
  2 quokkas
  9 ball pythons
  4 frilled lizards
  16 goblins
  13 kobolds
  11 rats
237 creatures vanquished.

Vanquished Creatures (others)
  A frilled lizard (D:3)
  A plant (D:8)
2 creatures vanquished.

Grand Total: 239 creatures vanquished

Notes
Turn   | Place    | Note
-------+----------+-------------------------------------------
     0 | D:1      | LLlMATKO the Minotaur Berserker began the quest for the
                  | Orb.
     0 | D:1      | Reached XP level 1. HP: 19/19 MP: 0/0
   240 | D:1      | Reached XP level 2. HP: 24/27 MP: 1/1
   298 | D:1      | Found Ilausepp's Antique Armour Emporium.
   853 | D:2      | Noticed Robin
   943 | D:2      | Reached XP level 3. HP: 9/33 MP: 2/2
   943 | D:2      | HP: 2/49 [Robin/puff of flame (7)]
   945 | D:2      | Killed Robin
  1572 | D:2      | Reached ** piety under Trog
  1733 | D:2      | Found a faded altar of an unknown god.
  2573 | D:3      | Reached XP level 4. HP: 39/41 MP: 3/3
  3404 | D:4      | Reached XP level 5. HP: 37/47 MP: 4/4
  3514 | D:4      | Noticed Ijyb
  3530 | D:4      | Killed Ijyb
  3860 | D:4      | Reached skill level 5 in Fighting
  3863 | D:4      | Reached skill level 5 in Axes
  4102 | D:4      | Reached XP level 6. HP: 49/56 MP: 5/5
  4602 | D:5      | Entered Level 5 of the Dungeon
  4608 | D:5      | Reached *** piety under Trog
  4751 | D:5      | Found a broken altar of Ashenzari.
  4778 | D:5      | Reached XP level 7. HP: 55/62 MP: 6/6
  4783 | D:5      | Reached skill level 5 in Armour
  5376 | D:5      | Found a sacrificial altar of Ru.
  5571 | D:5      | Reached skill level 5 in Dodging
  6035 | D:6      | Found a hide-covered altar of Uskayaw.
  6111 | D:6      | Reached XP level 8. HP: 71/71 MP: 7/7
  6810 | D:6      | Noticed Pikel
  6819 | D:6      | Killed Pikel
  6820 | D:6      | Reached XP level 9. HP: 81/81 MP: 8/8
  7159 | D:6      | Found a bloodstained altar of Trog.
  7947 | D:7      | Found a transporter.
  7947 | D:7      | Found a transporter.
  8071 | D:7      | Found a staircase to the Ecumenical Temple.
  8494 | D:8      | Reached **** piety under Trog
  8702 | D:8      | Found a staircase to the Lair.
  8702 | D:8      | Noticed a troll
  8738 | D:8      | Killed a troll
  9327 | D:8      | Reached XP level 10. HP: 87/91 MP: 9/9
 10048 | D:8      | Found a blossoming altar of Fedhas.
 10048 | D:8      | Found an iron altar of Okawaru.
 10293 | D:9      | Noticed Prince Ribbit
 10305 | D:9      | Killed Prince Ribbit
 10380 | D:9      | Noticed a two-headed ogre
 10389 | D:9      | Killed a two-headed ogre
 10390 | D:9      | Reached skill level 10 in Fighting
 10390 | D:9      | Reached skill level 10 in Axes
 10649 | D:9      | Found a staircase to the Orcish Mines.
 10650 | D:9      | Found Moejev's Weapon Shoppe.
 11103 | D:9      | Found a radiant altar of Vehumet.
 11170 | D:9      | Noticed an obsidian statue
 11193 | D:9      | HP: 2/93 [barbs]
 11197 | D:9      | Succumbed to barbed spike wounds

Illustrated notes

Levels and vault maps discovered:
D:1:      lightli_arrival_statuegarden, layout_loops_ring, serial_shops,
          nicolae_shop_stone
D:2:      layout_basic, shapermc_ecumenical_altar_venn, uniq_robin
D:3:      minmay_chambers_of_twos, layout_basic, portal_sewer_entry_e
D:4:      nicolae_cairo_tiling_large_dashed, layout_basic, serial_rivers,
          chequers_serial_rivers_room_a, chequers_serial_rivers_micro_d,
          chequers_serial_rivers_micro_c, chequers_serial_rivers_marsh,
          chequers_serial_rivers_micro_c, chequers_serial_rivers_small_3,
          palyth_stone_intersect, uniq_ijyb
D:5:      layout_layer_cave, mainiacjoe_overflow_catwalk_spiral,
          amcnicky_mini_corridor_feature
D:6:      layout_loops_ring, nicolae_uskayaw_dance_hall,
          nicolae_overflow_hidden_temple, uniq_pikel
D:7:      gammafunk_beogh_shrine, layout_loops_ring,
          minmay_temple_entry_proselytizer
D:8:      kennysheep_housing_project, layout_loops_ring,
          gammafunk_temple_overflow_pools, erik_lair_island
D:9:      minmay_statue_hallways, layout_cave_pools,
          gammafunk_temple_overflow_claw, lemuel_crystal_altar, orc_david_3,
          uniq_prince_ribbit1

Skill      XL: |  1  2  3  4  5  6  7  8  9 10 |
---------------+-------------------------------+-----
Fighting       | 4 5 6 7 9 10 | 10.3
Axes           | 4 5 6 7 9 10 | 10.3
Armour         | 3 4 5 7 9 |  9.9
Dodging        | 3 4 5 6 8 9 |  9.0

Action                   |  1- 3 |  4- 6 |  7- 9 | 10-12 || total
-------------------------+-------+-------+-------+-------++-------
Melee: Hand axe          |    60 |       |       |       ||    60
       Headbutt          |     9 |    19 |    46 |    39 ||   113
       War axe           |    38 |   115 |   123 |       ||   276
       Punch             |       |     1 |     5 |     1 ||     7
       Whip              |       |       |   182 |   152 ||   334
Throw: Boomerang         |       |     1 |       |       ||     1
Invok: Berserk           |     2 |     3 |     5 |     5 ||    15
  Use: Scroll            |     4 |       |       |       ||     4
Armor: Animal skin       |    18 |     4 |       |       ||    22
       Chain mail        |       |    59 |    34 |       ||    93
       Plate armour      |       |       |   108 |    46 ||   154
Dodge: Dodged            |    77 |    60 |   164 |   116 ||   417
Block: Kite shield       |       |       |       |    51 ||    51
